team game's 101

Match 39952081
End
Engineer Squad
Construct Barracks
Riflemen Squad
Riflemen Squad
Grenade Package
Construct Weapon Support Center
Riflemen Squad
Infantry Support Center
M3 Armored Personnel Carrier
M3 Armored Personnel Carrier
Construct Medical Station
Construct Tank Depot
M1918 Browning Automatic Rifles
M4A1 Sherman Medium Tank
Engineer Squad
Selects Special Operations Battlegroup
Selects M29 Weasel Recon Vehicle
Selects P-47 Anti-Infantry Loiter
Selects UNKNOWN (2162291)
M4A1 Sherman Whizbang
P-47 Anti-Infantry Loiter
Selects Raiding Flares
Selects SSF Commando Squad
SSF Commando Squad
M18 Hellcat Tank Destroyer
P-47 Anti-Infantry Loiter
M4A1 Sherman Whizbang
M4A1 Sherman Medium Tank
P-47 Anti-Infantry Loiter
Advanced Logistics
Engineer Squad
Engineer Squad
DragonLTU
Qatheeb al-Akbar
lightfalcon
HJT95
Starkiller
CoBrA <X-
N0.1
Disconnected
0
0

Comments sign in to comment!

No comments posted yet!